 Dungeon Crawl Stone Soup version 0.25-a0-289-g406d6369f5 (webtiles) character file.

Game seed: 15949729555338328216, levelgen mode: deterministic

80250 EWolf27 the Fighter (level 15, -2/70 HPs)
             Began as a Gargoyle Fighter on Dec 12, 2019.
             Was the Champion of Makhleb.
             Slain by a spatial maelstrom (8 damage)
             ... on level 2 of the Abyss on Dec 13, 2019.
             The game lasted 02:13:25 (24839 turns).

EWolf27 the Fighter (Gargoyle Fighter)             Turns: 24839, Time: 02:13:26

Health: -2/70      AC: 41    Str: 22 (23) XL:     15   Next: 66%
Magic:  16/16      EV:  7    Int: 15 (16) God:    Makhleb [******]
Gold:   1748       SH: 18    Dex:  4 (5)  Spells: 20/26 levels left

rFire    + + .     SeeInvis .   b - +11 mace "Wercher" {venom, +Fly Int+7 Stlth+}
rCold    . . .     Gourm    .   c - +0 shield
rNeg     + + +     Faith    .   y - +10 chain mail of Compression {rElec rF+ Int+5 Stlth-}
rPois    ∞         Spirit   .   N - +2 helmet
rElec    +         Reflect  +   a - +0 cloak
rCorr    .         Harm     .   z - +0 pair of gloves
MR       +....     Rnd*Rage +   W - +5 pair of boots "Byadiec" {rF+ Stlth+} Stlth ..........Rnd*Tele +
                                L - +6 amulet of reflection
HPRegen  0.00/turn              P - ring of positive energy
MPRegen  0.15/turn              t - ring of positive energy

@: berserk cooldown, hasted, very quick
A: big wings, [berserk 3], blurry vision 1[+2], clumsy 1[+1], deformed body,
[deterioration 2], [dopey 2], [frail 3], [low mp 3], negative energy resistance
1, [screaming 3], electricity resistance, [inhibited regeneration],
[teleportitis 3], [weak 2], unbreathing, petrification resistance, [no potion
heal 3], rot immunity, [subdued magic 3], AC +11
a: Fly, Minor Destruction, Lesser Servant of Makhleb, Major Destruction, Greater
Servant of Makhleb, Renounce Religion, Evoke Flight


You were on level 2 of the Abyss.
You worshipped Makhleb.
Makhleb was exalted by your worship.
You were hungry.

You visited 5 branches of the dungeon, and saw 23 of its levels.
You visited the Abyss 1 time.
You also visited: Gauntlet.

You collected 1748 gold pieces.

Inventory:

Hand Weapons
 b - the +11 mace "Wercher" (weapon) {venom, +Fly Int+7 Stlth+}
   (You took it off an orc wizard on level 7 of the Dungeon)

   It poisons the flesh of those it strikes.
   It affects your intelligence (+7).
   It lets you fly.
   It makes you more stealthy.
Missiles
 e - 527 stones (quivered)
Armour
 a - a +0 cloak (worn)
 c - a +0 shield (worn)
 y - the +10 chain mail of Compression (worn) {rElec rF+ Int+5 Stlth-}
   (You found it on level 12 of the Dungeon)

   It affects your intelligence (+5).
   It protects you from fire.
   It insulates you from electricity.
   It makes you less stealthy.
 z - a +0 pair of gloves (worn)
 N - a +2 helmet (worn)
 W - the +5 pair of boots "Byadiec" (worn) {rF+ Stlth+}
   (You found it in a Gauntlet)

   It protects you from fire.
   It makes you more stealthy.
Jewellery
 t - a ring of positive energy (right hand)
 L - a +6 amulet of reflection (around neck)
 P - a ring of positive energy (left hand)
 Q - an uncursed amulet of the acrobat {unknown}
Wands
 k - a wand of iceblast (8)
 m - a wand of acid (24)
 r - a wand of flame (86)
 M - a wand of paralysis (9)
Scrolls
 i - 3 scrolls of identify
 n - 12 scrolls of remove curse
 o - 2 scrolls of enchant weapon {unknown}
 q - 2 scrolls of fear {unknown}
 v - 3 scrolls of fog
 A - 5 scrolls of teleportation
 C - 3 scrolls of enchant armour
 G - 2 scrolls of amnesia
 H - 3 scrolls of acquirement {unknown}
 I - 3 scrolls of brand weapon
 R - a scroll of summoning {unknown}
 U - a scroll of torment {unknown}
 V - 3 scrolls of blinking
Potions
 d - 6 potions of might
 g - 2 potions of haste
 j - 8 potions of brilliance
 l - 5 potions of ambrosia
 u - 4 potions of agility
 w - 2 potions of mutation {unknown}
 x - 5 potions of berserk rage
 B - 2 potions of heal wounds
 D - 6 potions of lignification
 E - 3 potions of invisibility
 K - 4 potions of curing
Comestibles
 f - 21 rations


   Skills:
 + Level 14.7 Fighting
 - Level 14.0 Maces & Flails
 + Level 10.4 Armour
 + Level 12.2 Shields
 - Level 6.0 Spellcasting
 - Level 6.0 Translocations
 - Level 10.5 Invocations


You had 20 spell levels left.
You knew the following spells:

 Your Spells              Type           Power        Failure   Level  Hunger
a - Blink                 Tloc           N/A          9%          2    #......
b - Apportation           Tloc           ##....       5%          1    None
c - Stone Arrow           Conj/Erth      #.....       96%         3    ##.....

Your spell library contained the following spells:

 Spells                   Type           Power        Failure   Level  Hunger
 Gell's Gravitas          Tloc           ##........   19%         3    ##.....
 Animate Skeleton         Necr           N/A          65%         1    None
 Beastly Appendage        Tmut           #.....       65%         1    None
 Confusing Touch          Hex            #.....       65%         1    None
 Magic Dart               Conj           #...         65%         1    None
 Sandblast                Erth           #.....       65%         1    None
 Sting                    Tmut/Pois      #...         65%         1    None
 Summon Butterflies       Summ           #.......     65%         1    None
 Summon Small Mammal      Summ           #...         65%         1    None
 Call Imp                 Summ           #.......     80%         2    #......
 Passwall                 Tmut/Erth      #.......     80%         2    #......
 Poisonous Vapours        Pois/Air       #.....       80%         2    #......
 Slow                     Hex            #.......     80%         2    #......
 Sticks to Snakes         Tmut           #.......     80%         2    #......
 Call Canine Familiar     Summ           #.......     96%         3    ##.....
 Confuse                  Hex            #.......     96%         3    ##.....
 Conjure Flame            Conj/Fire      #.......     96%         3    ##.....
 Ignite Poison            Fire/Tmut/Pois #.......     96%         3    ##.....
 Mephitic Cloud           Conj/Pois/Air  #.......     96%         3    ##.....
 Spider Form              Tmut/Pois      #.........   96%         3    ##.....
 Cause Fear               Hex            #.........   100%        4    ####...
 Ice Form                 Ice/Tmut       #.......     100%        4    ####...
 Olgreb's Toxic Radiance  Pois           #.......     100%        4    ####...
 Petrify                  Tmut/Erth      #.......     100%        4    ####...
 Summon Ice Beast         Ice/Summ       #.......     100%        4    ####...
 Blade Hands              Tmut           #.........   100%        5    ######.
 Lee's Rapid Deconstruct  Erth           #.........   100%        5    ######.
 Metabolic Englaciation   Hex/Ice        #.........   100%        5    ######.
 Silence                  Hex/Air        #.........   100%        5    ######.
 Summon Mana Viper        Hex/Summ       #.......     100%        5    ######.
 Yara's Violent Unravell  Hex/Tmut       #.........   100%        5    ######.
 Deflect Missiles         Chrm/Air       #.........   100%        6    #######
 Summon Hydra             Summ           #.........   100%        7    #######
 Discord                  Hex            #.........   100%        8    #######


Dungeon Overview and Level Annotations

Branches:
Dungeon (15/15)            Temple (1/1) D:5            Lair (5/6) D:11
 Shoals (0/4) Lair:2       Spider (1/4) Lair:2        Slime (1/5) Lair:5
    Orc (0/2) D:11         Vaults (0/5) D:13         Depths (0/5) D:15
Gauntlet (visited)

Altars:
Ashenzari
Cheibriados
Dithmenos
Elyvilon
Fedhas
Gozag
Hepliaklqana
Kikubaaqudgha
Makhleb
Nemelex Xobeh
Okawaru
Qazlal
Ru
Sif Muna
Trog
Uskayaw
Vehumet
Wu Jian
Xom
Yredelemnul
Zin
The Shining One
Jiyva

Shops:
D:4 (   D:6 [

Annotations:
Lair:5 1 transporter, DerDa's ghost, journeyman DrCj
Spider:1 Louise


Innate Abilities, Weirdness & Mutations

You are resistant to torment.
Your stone body is resilient. (AC +11)
You are immune to poison.
Your large and strong wings let you fly indefinitely.
You resist negative energy. (rN+)
You are resistant to electric shocks. (rElec)
You can survive without breathing.
You are immune to petrification.
You are immune to rotting.
Armour fits poorly on your strangely shaped body.
[You have an uncontrollable temper.]
[Scrolls take you much longer to read.]
[You are very clumsy. (Dex -4)]
[Your body often deteriorates upon taking damage.]
[You are very dopey. (Int -4)]
[You are extremely frail. (-30% HP)]
[Your magical capacity is extremely low. (-30% MP)]
[You frequently scream uncontrollably at your foes.]
[You do not regenerate when monsters are visible.]
[You are often teleported next to monsters.]
[You are very weak. (Str -4)]
[Potions cannot restore your health.]
[Your spells are much easier to cast, but much less powerful.]


Message History

A sixfirhy comes into view.
You block the phantasmal warrior's attack.
The sun demon hits you but does no damage.
A vampire mage appears from thin air!
The sixfirhy hits you but does no damage.
The phantasmal warrior hits you but does no damage.
An apocalypse crab comes into view.
The apocalypse crab breathes chaos at you.
Found a scroll of identify.
You are feeling hungry.
The phantasmal warrior is engulfed in seething chaos.
The phantasmal warrior suddenly seems more agile.
The phantasmal warrior blinks!
You feel yourself speed up.
A spatial maelstrom comes into view.
The phantasmal warrior blinks!
The phantasmal warrior blinks!
The phantasmal warrior disappears in a puff of smoke!
The spatial maelstrom hits you!
You die...

.t.#.#X. .§.# . ##
#...#.# .X .. .
#.#.##.###.#§..## ..##
#. .#..##.... .#.....#.
#..#. #§. ## ...###...#.
.....[ ..#.#3#.##..##...
......# #.##.##33.......
#....##..#..##....#.#
#..@...3.#..V#.#..#.
#.....v.......#.##.###
.......#..#.###p#...# #
..#.#......#.#...#...###
. #...##...##...#.#. #.
..#. #.... .#....#..##
...#. .#..#.#.#. # # #.
.#...##..#.. ###.. ...
..... #


You could see a spatial maelstrom and a sun demon.

Vanquished Creatures
  Donald (Spider:1)
  A juggernaut zombie (D:15)
  A minotaur (Gauntlet)
  A great orb of eyes (Gauntlet)
  Harold (D:10)
  3 centaur warriors
  4 hydras
  A catoblepas (D:13)
  A vault guard (D:13)
  A tengu warrior (D:14)
  A two-headed ogre (D:11)
  A hell hog (Gauntlet)
  A vampire mage (D:15)
  3 skeletal warriors
  Nergalle (D:10)
  A fire crab (D:13)
  3 unseen horrors
  An orc knight (D:15)
  Pikel (D:7)
  A harpy (D:13)
  A fire giant zombie (D:15)
  A necromancer (D:15)
  An orb spider (Spider:1)
  16 ugly things
  5 cyclopes
  3 centaur zombies
  3 wolf spiders (Lair:2)
  A manticore (D:11)
  A moth of wrath (Lair:5)
  16 elephants
  A frost giant skeleton (D:15)
  3 black mambas
  An eye of devastation (Gauntlet)
  A merfolk siren (Lair:2)
  Joseph (D:7)
  13 spiny frogs
  2 torpor snails
  3 gargoyles
  A kobold demonologist (D:14)
  2 demonic crawlers (Lair:2)
  A freezing wraith (D:15)
  5 komodo dragons
  2 trolls
  4 jumping spiders (Lair:2)
  2 merfolk (Lair:2)
  Prince Ribbit (D:8)
  Grinder (D:3)
  18 blink frogs
  2 polar bears (Lair:4)
  2 hornets
  An ice dragon zombie (D:15)
  A meliai zombie (D:12)
  7 hippogriffs
  A raiju (Abyss:2)
  A shadow (D:14)
  3 spriggans (Lair:5)
  10 redbacks
  7 tarantellas
  Sigmund (D:3)
  A vampire (D:11)
  3 wyverns
  39 yaks
  A golden eye (Gauntlet)
  A chaos spawn (Abyss:2)
  4 fire bats (Gauntlet)
  A hungry ghost (D:12)
  2 basilisks
  7 vampire mosquitoes
  A soldier ant (shapeshifter) (D:9)
  An acid dragon (D:14)
  13 water moccasins
  Duvessa (D:7)
  A hell hound (Gauntlet)
  13 porcupines
  A swamp drake (D:11)
  2 sky beasts
  A black bear (Lair:1)
  6 ogres
  3 orc warriors
  3 phantoms
  An eye of draining (D:14)
  An ice beast (D:10)
  4 hornet zombies
  24 wolves
  9 centaurs
  5 crocodiles
  A big kobold (D:7)
  3 gnoll sergeants
  18 bullfrogs
  A wyvern zombie (D:13)
  2 wyvern skeletons
  Dowan (D:7)
  3 scorpions
  15 killer bees
  4 wights
  3 howler monkeys
  7 crimson imps
  2 bullfrog zombies
  15 hounds
  2 jellies
  4 centaur skeletons
  8 orc priests
  A bullfrog skeleton (D:11)
  A gnoll shaman (D:7)
  2 iron imps
  17 orc wizards
  5 iguanas
  8 worker ants
  Ijyb (D:3)
  3 hell rats (D:8)
  2 hound zombies
  A worker ant zombie (D:4)
  A howler monkey zombie (D:8)
  10 gnolls
  10 adders
  4 river rats (D:8)
  5 shadow imps
  2 oozes
  4 adder skeletons
  3 worms
  A dart slug (D:1)
  8 leopard geckos
  43 orcs
  4 giant cockroaches
  9 hobgoblins
  14 jackals
  17 kobolds
  3 quokkas
  7 bats
  6 frilled lizards
  14 goblins
  3 hobgoblin zombies (D:9)
  2 kobold skeletons (D:9)
  2 kobold zombies (D:9)
  A leopard gecko skeleton (D:4)
  26 rats
  A fungus (Lair:5)
654 creatures vanquished.

Vanquished Creatures (collateral kills)
  Snorg (D:11)
  A merfolk (Lair:2)
  2 blink frogs (Lair:2)
  A tarantella (Spider:1)
  A hell hound (Gauntlet)
  A big kobold (D:11)
  A leopard gecko (D:11)
  A kobold (D:11)
9 creatures vanquished.

Vanquished Creatures (others)
  A jumping spider (Spider:1)
  A slave (D:7)
  5 centaurs
  2 hounds (D:7)
  An orc wizard (D:7)
  2 gnolls (D:7)
  An orc (D:11)
  3 hobgoblins (D:7)
  A bush (Lair:2)
  7 fungi
  A plant (D:7)
  21 starspawn tentacles (Abyss:2)
  A withered plant (D:15)
47 creatures vanquished.

Grand Total: 710 creatures vanquished

Notes
Turn   | Place    | Note
-------+----------+-------------------------------------------
     0 | D:1      | EWolf27 the Gargoyle Fighter began the quest for the Orb.
     0 | D:1      | Reached XP level 1. HP: 14/14 MP: 1/1
   201 | D:1      | Reached XP level 2. HP: 19/19 MP: 2/2
   589 | D:1      | Reached XP level 3. HP: 23/23 MP: 3/3
  1452 | D:2      | Reached XP level 4. HP: 27/28 MP: 4/4
  2176 | D:2      | Reached skill level 5 in Maces & Flails
  2182 | D:2      | Reached XP level 5. HP: 31/32 MP: 5/5
  2499 | D:3      | Noticed Grinder
  2508 | D:3      | Paralysed by Grinder for 2 turns
  2673 | D:3      | Noticed Sigmund
  2688 | D:3      | Killed Sigmund
  2688 | D:3      | Reached XP level 6. HP: 23/37 MP: 6/6
  2803 | D:3      | Noticed Ijyb
  2827 | D:3      | Killed Ijyb
  3134 | D:3      | Found a sacrificial altar of Ru.
  3372 | D:3      | Paralysed by Grinder for 7 turns
  3379 | D:3      | Killed Grinder
  3379 | D:3      | Reached XP level 7. HP: 39/41 MP: 7/7
  3568 | D:4      | Found Duuti's Antique Weapon Shoppe.
  3626 | D:4      | Found a burning altar of Makhleb.
  3639 | D:4      | Became a worshipper of Makhleb the Destroyer
  4192 | D:4      | Found an opulent altar of Gozag.
  4201 | D:4      | Found a hazy altar of Hepliaklqana.
  4229 | D:4      | Found a blossoming altar of Fedhas.
  4229 | D:4      | Found an iron altar of Okawaru.
  4229 | D:4      | Found a sparkling altar of Nemelex Xobeh.
  4229 | D:4      | Found a glowing silver altar of Zin.
  4868 | D:3      | Reached XP level 8. HP: 23/46 MP: 8/8
  5216 | D:5      | Entered Level 5 of the Dungeon
  5689 | D:5      | Found a shadowy altar of Dithmenos.
  5717 | D:5      | Learned a level 2 spell: Blink
  6208 | D:5      | Found a staircase to the Ecumenical Temple.
  6249 | Temple   | Entered the Ecumenical Temple
  6403 | D:6      | Found Ficvost's Antique Armour Shop.
  6403 | D:6      | Found an ancient bone altar of Kikubaaqudgha.
  6432 | D:5      | Reached * piety under Makhleb
  6570 | D:6      | Reached skill level 10 in Maces & Flails
  7030 | D:6      | Found a bloodstained altar of Trog.
  7199 | D:6      | Found a stormy altar of Qazlal.
  7295 | D:6      | Reached XP level 9. HP: 52/52 MP: 9/9
  7497 | D:6      | Reached skill level 5 in Fighting
  7504 | D:6      | Reached skill level 5 in Armour
  8237 | D:7      | Found a sparkling altar of Nemelex Xobeh.
  8278 | D:7      | Noticed Pikel
  8297 | D:7      | Killed Pikel
  8545 | D:7      | Reached ** piety under Makhleb
  8579 | D:7      | Identified the +11 mace "Wercher" {venom, +Fly Int+7
                  | Stlth+}
  8868 | D:7      | Noticed Duvessa
  9064 | D:7      | Noticed Joseph
  9073 | D:7      | Killed Joseph
  9073 | D:7      | Reached XP level 10. HP: 61/61 MP: 10/10
  9222 | D:7      | Killed Duvessa
  9225 | D:7      | Noticed Dowan
  9227 | D:7      | Killed Dowan
  9542 | D:8      | Noticed Prince Ribbit
  9555 | D:8      | Killed Prince Ribbit
 10035 | D:8      | Found the +2 ratskin cloak {+Rats rPois rN+ Str-1 Int-1
                  | Dex+1}
 10052 | D:8      | Reached *** piety under Makhleb
 10328 | D:9      | Reached skill level 5 in Shields
 10590 | D:9      | Found a glowing golden altar of the Shining One.
 10816 | D:10     | Entered Level 10 of the Dungeon
 10839 | D:10     | Noticed a gargoyle
 10953 | D:10     | Noticed Harold
 10967 | D:10     | Killed Harold
 11333 | D:10     | Noticed Nergalle
 11352 | D:10     | Noticed a cyclops
 11489 | D:11     | Reached **** piety under Makhleb
 11617 | D:10     | Reached XP level 11. HP: 68/68 MP: 11/11
 11771 | D:11     | Reached skill level 1 in Invocations
 11791 | D:11     | Found a staircase to the Orcish Mines.
 12141 | D:11     | Noticed a manticore
 12149 | D:11     | Killed a manticore
 12208 | D:12     | Noticed Snorg
 12503 | D:11     | Found a staircase to the Lair.
 12580 | Lair:1   | Entered Level 1 of the Lair of Beasts
 12680 | D:10     | Killed a cyclops
 12736 | D:10     | Killed Nergalle
 13178 | D:12     | Got an ichor-stained chain mail
 13189 | D:12     | Identified the +10 chain mail of Compression {rElec rF+
                  | Int+5 Stlth-} (You found it on level 12 of the Dungeon)
 13506 | D:12     | Reached ***** piety under Makhleb
 14034 | D:13     | Killed an unseen horror
 14057 | D:13     | Reached skill level 5 in Invocations
 14057 | D:13     | Reached XP level 12. HP: 76/76 MP: 15/15
 14525 | D:13     | Noticed a catoblepas
 14542 | D:13     | Killed a catoblepas
 14542 | D:13     | Reached skill level 10 in Fighting
 14851 | D:13     | Noticed a centaur warrior
 14864 | D:13     | Killed a centaur warrior
 14909 | D:13     | Found a gate to the Vaults.
 14911 | D:13     | Noticed a vault guard
 14929 | D:13     | Killed a vault guard
 15052 | D:13     | Found a shadowy altar of Dithmenos.
 15361 | D:14     | Reached skill level 1 in Translocations
 15663 | D:14     | Reached XP level 13. HP: 85/85 MP: 19/19
 16002 | D:15     | Entered Level 15 of the Dungeon
 16357 | D:15     | Found a staircase to the Depths.
 16373 | D:15     | Noticed a jiangshi
 16778 | D:15     | Reached skill level 10 in Invocations
 16780 | D:15     | Reached skill level 5 in Translocations
 17351 | D:11     | Killed Snorg
 17683 | D:11     | Gained mutation: Your large and strong wings let you fly
                  | indefinitely. [Gargoyle growth]
 17683 | D:11     | Reached XP level 14. HP: 85/92 MP: 21/21
 17779 | D:11     | Learned a level 1 spell: Apportation
 17988 | Lair:1   | Learned a level 3 spell: Stone Arrow
 18194 | Lair:1   | Reached skill level 10 in Shields
 18341 | Lair:1   | Reached skill level 1 in Spellcasting
 18826 | Lair:2   | Reached ****** piety under Makhleb
 19559 | Lair:2   | Found a hole to the Spider Nest.
 19596 | Lair:2   | Found a staircase to the Shoals.
 19844 | Spider:1 | Entered Level 1 of the Spider Nest
 19846 | Spider:1 | Noticed Donald
 20605 | Lair:4   | Found a gate leading to a gauntlet.
 20627 | Gauntlet | Entered a Gauntlet
 20627 | Gauntlet | Found a transporter.
 20627 | Gauntlet | Found a transporter.
 20627 | Gauntlet | Found a transporter.
 20649 | Gauntlet | Found a transporter.
 20651 | Gauntlet | Found a transporter.
 20659 | Gauntlet | Found a transporter.
 20663 | Gauntlet | Found a transporter.
 20673 | Gauntlet | Found a transporter.
 20694 | Gauntlet | Found a transporter.
 20714 | Gauntlet | Found a transporter.
 20717 | Gauntlet | Found a transporter.
 20727 | Gauntlet | Found a transporter.
 20896 | Gauntlet | Got a spiked helmet
 20899 | Gauntlet | Got an ancient hunting sling
 20903 | Gauntlet | Identified the cursed -5 helmet "Isotogh" {rCorr Str-3
                  | Dex+5 Slay+3} (You found it in a Gauntlet)
 21042 | Gauntlet | Got a pair of faintly glowing boots
 21111 | Lair:4   | Identified the +5 pair of boots "Byadiec" {rF+ Stlth+} (You
                  | found it in a Gauntlet)
 21328 | Lair:4   | Reached XP level 15. HP: 92/100 MP: 22/22
 22157 | Lair:5   | Reached skill level 5 in Spellcasting
 22354 | Lair:5   | Found a viscous altar of Jiyva.
 22354 | Lair:5   | Found a staircase to the Slime Pits.
 22372 | Slime:1  | Entered Level 1 of the Pits of Slime
 22381 | Slime:1  | Gained mutation: Armour fits poorly on your strangely
                  | shaped body. [a shining eye]
 22393 | Slime:1  | Gained mutation: [Scrolls take you a little longer to
                  | read.] [a shining eye]
 22395 | Slime:1  | Gained mutation: [You are clumsy. (Dex -2)] [a shining eye]
 22758 | Lair:5   | Identified the +7 spear "Xehecag" {elec, rPois Dex+3 SInv}
 22760 | Lair:5   | Found a bloodstained altar of Trog.
 22760 | Lair:5   | Noticed DerDa's ghost (journeyman DrCj)
 22763 | Lair:5   | Identified the cursed +2 quarterstaff of the Dead {crush,
                  | *Noise Str+3 Dex+9}
 22766 | Lair:5   | Found a transporter.
 22773 | Lair:5   | Found a transporter.
 22774 | Lair:5   | Identified the +10 quarterstaff of Rekenukk {pain, +Blink
                  | Str+3 Int-4 Dex+4 SInv}
 23427 | Spider:1 | Noticed Louise
 23439 | Lair:2   | Reached skill level 10 in Armour
 24443 | Spider:1 | Killed Donald
 24445 | Spider:1 | Cast into level 2 of the Abyss (Louise)
 24503 | Abyss:2  | Noticed a tentacled starspawn
 24536 | Abyss:2  | Noticed a bone dragon
 24540 | Abyss:2  | Noticed a tentacled starspawn
 24678 | Abyss:2  | Noticed a tentacled starspawn
 24810 | Abyss:2  | Upgraded the game from 0.25-a0-287-g56a5b49892 to
                  | 0.25-a0-289-g406d6369f5
 24839 | Abyss:2  | Slain by a spatial maelstrom

Levels and vault maps discovered:
D:1:      evilmike_arrival_sounds_zot, layout_basic, kennysheep_crisscross
D:2:      layout_loops_corners, first_ration
D:3:      layout_basic, nicolae_ru_great_annihilating_truth, uniq_ijyb,
          uniq_grinder, uniq_sigmund
D:4:      layout_cave_pools, nicolae_overflow_crystal_walls,
          chequers_temple_overflow_statue_of_worship,
          amethyst_overflow_temple_binary, serial_shops, shop,
          minmay_ogre_servants
D:5:      layout_loops_ring, lemuel_crystal_altar,
          minmay_temple_entry_proselytizer, kennysheep_nondescript
D:6:      layout_cave_pools, lemuel_round_altar, overflow_temple_1_default,
          serial_shops, shop, kennysheep_donut, chequers_decorated_corner,
          grunt_qazlal_clouds
D:7:      kennysheep_housing_project, layout_basic,
          hangedman_decor_diamond_cutter, nemelex_dance_club_becter, uniq_pikel,
          uniq_duvessa, uniq_joseph
D:8:      wander_guarded_unrand_ratskin, layout_basic, uniq_prince_ribbit1
D:9:      minmay_cornered_nines, layout_cave_pools,
          nicolae_tso_besieged_by_evil, grunt_ogre_cave,
          chequers_serial_rivers_micro_c
D:10:     layout_stronghold, nicolae_lava_and_water, uniq_harold, uniq_nergalle
D:11:     layout_rooms, david_lair_generic, erik_orc_1, minmay_the_grid_2x2
          [minmay_the_grid_paths, minmay_the_grid_minigrid_large,
          minmay_the_grid_embedded, minmay_the_grid_prize_trominoes]
D:12:     layout_cave_pods, glass_columns_a, hangedman_glass_teeth,
          lemuel_nasty_fountain, uniq_snorg
D:13:     minmay_general_purpose_star, layout_basic, david_vaults_5,
          portal_ice_cave_entry_pillars_2, hex_tiny, grunt_decor_one_mirror,
          hangedman_decor_lopped, grunt_dithmenos_shadows
D:14:     layout_roguey
D:15:     gammafunk_depths_entry_grave, layout_gridville,
          hangedman_decor_growths
Temple:   eino_temple_lava
Lair:1:   layout_small_grid
Lair:2:   layout_roguey, elwin_shoals_entry_stream, spider_nest_entry_a,
          beast_lair_carwin_5, infiniplex_staircase_pool_2, grunt_megastairs_1
Lair:3:   layout_misc_corridors, grunt_forest_stairs_basic
Lair:4:   layout_cave_pods, gauntlet_entry_generic
Lair:5:   layout_regular_city, slime_altar_1, gammafunk_ghost_wrathful_warriors,
          cheibrodos_lair_caveside_slide
Spider:1: layout_spider_delve, uniq_donald, uniq_louise
Slime:1:  cheibrodos_slime_lost_civilization_2, layout_caves
Abyss:2:  base: Crypt:2, grunt_abyss_exit_deep_breaths, base:
Spider:2

Skill      XL: |  1  2  3  4  5  6  7  8  9 10 11 12 13 14 15 |
---------------+----------------------------------------------+-----
Maces & Flails | 3 4 5 6 7 9 10 11 12 14 | 14.0
Fighting       | 4 6 8 9 11 12 13 14 | 14.7
Armour         | 4 6 7 9 10 | 10.4
Shields        | 6 7 9 11 12 | 12.2
Invocations    | 5 8 10 | 10.5
Translocations | 2 5 6 |  6.0
Spellcasting   | 4 6 |  6.0

Action                   |  1- 3 |  4- 6 |  7- 9 | 10-12 | 13-15 || total
-------------------------+-------+-------+-------+-------+-------++-------
Melee: Flail             |   138 |   175 |   427 |       |       ||   740
       Whip              |       |       |   149 |       |       ||   149
       Mace              |       |       |     6 |   695 |  1257 ||  1958
Invok: Lesser Servant of |       |       |       |       |    14 ||    14
  Use: Scroll            |       |       |     9 |    10 |    17 ||    36
       Potion            |       |       |     2 |     1 |     3 ||     6
 Stab: Paralysed         |       |     1 |       |       |       ||     1
       Sleeping          |       |       |       |     6 |       ||     6
       Distracted        |       |       |       |     1 |     1 ||     2
       Petrified         |       |       |       |     1 |       ||     1
  Eat: Chunk             |     2 |     3 |    11 |    14 |     5 ||    35
       Ration            |       |     1 |     2 |     3 |     7 ||    13
Armor: Scale mail        |    69 |    91 |   222 |       |       ||   382
       Ring mail         |       |       |    50 |   173 |       ||   223
       Chain mail        |       |       |       |   102 |  1018 ||  1120
Dodge: Dodged            |    43 |    44 |   148 |   138 |   374 ||   747
Block: Shield            |    69 |    58 |   282 |   560 |  1534 ||  2503
       Reflection        |       |       |     3 |    30 |     6 ||    39

Table legend:
 A = Non-vault XP
 B = Vault XP
 C = Vault XP percentage of total XP
 D = Non-vault monster count
 E = Vault monster count
 F = Vault count percentage of total count
                 A         B        C        D         E       F
            +---------+---------+-------+---------+---------+-------
      Total |   80010 |   34633 |  30.2 |     501 |     165 |  24.8
            +---------+---------+-------+---------+---------+-------
        D:1 |      59 |       0 |   0.0 |      27 |       0 |   0.0
        D:2 |     111 |       0 |   0.0 |      37 |       0 |   0.0
        D:3 |     138 |     705 |  83.6 |      12 |      12 |  50.0
        D:4 |     244 |       6 |   2.4 |      10 |       4 |  28.6
        D:5 |     669 |      41 |   5.8 |      15 |       1 |   6.2
        D:6 |     634 |       0 |   0.0 |      25 |       0 |   0.0
        D:7 |     493 |    2134 |  81.2 |      10 |      27 |  73.0
        D:8 |     691 |     439 |  38.8 |      17 |      22 |  56.4
        D:9 |     427 |     616 |  59.1 |      12 |      12 |  50.0
       D:10 |    1909 |    1776 |  48.2 |      20 |       2 |   9.1
       D:11 |    3692 |    6625 |  64.2 |      38 |      34 |  47.2
       D:12 |    1795 |       0 |   0.0 |      14 |       0 |   0.0
       D:13 |    4049 |    4966 |  55.1 |      21 |      11 |  34.4
       D:14 |   10007 |       0 |   0.0 |      34 |       0 |   0.0
       D:15 |    7469 |    5879 |  44.0 |      23 |       8 |  25.8
     Lair:1 |    3932 |       0 |   0.0 |      18 |       0 |   0.0
     Lair:2 |   16937 |    3373 |  16.6 |      66 |      15 |  18.5
     Lair:3 |    4279 |       0 |   0.0 |      20 |       0 |   0.0
     Lair:4 |    7998 |       0 |   0.0 |      31 |       0 |   0.0
     Lair:5 |   12890 |    1158 |   8.2 |      44 |       4 |   8.3
   Spider:1 |    1120 |    1978 |  63.8 |       4 |       1 |  20.0
    Abyss:2 |     467 |       0 |   0.0 |       3 |       0 |   0.0
   Gauntlet |       0 |    4937 | 100.0 |       0 |      12 | 100.0
            +---------+---------+-------+---------+---------+-------
